 Dungeon Crawl Stone Soup version 0.29.0-4-gdea44cf6ec (webtiles) character file.

Game seed: 10764482403562689381

5 qw the Chopper (level 1, 0/12 HPs)
             Began as a Tengu Warper on Aug 28, 2022.
             Slain by a jackal (2 damage)
             ... on level 1 of the Dungeon.
             The game lasted 00:00:00 (65 turns).

qw the Chopper (Tengu Warper)                         Turns: 65, Time: 00:00:00

Health: 0/12       AC:  3    Str: 11    XL:     1   Next: 80%
Magic:  4/4        EV:  8    Int: 13    God:
Gold:   17         SH:  0    Dex: 13    Spells: 4/4 levels left

rFire   . . .      SeeInvis .   a - +0 hand axe
rCold   . . .      Faith    .   (no shield)
rNeg    . . .      Spirit   .   b - +0 leather armour
rPois   .          Reflect  .   (helmet restricted)
rElec   .          Harm     .   (no cloak)
rCorr   .          Rampage  .   (no gloves)
Will    .....                   (boots unavailable)
Stlth   +.........              (no amulet)
HPRegen 0.04/turn               (no ring)
MPRegen 0.09/turn               (no ring)

@: constricted
A: beak, talons 3
a: no special abilities


You were on level 1 of the Dungeon.
You visited 1 branch of the dungeon, and saw 1 of its levels.

You collected 17 gold pieces.


Innate Abilities, Weirdness & Mutations

You have a beak for a mouth.
You have claws for feet.


   Skills:
 - Level 2.0 Fighting
 + Level 2.8 Axes
 - Level 1.0 Throwing
 - Level 1.1 Armour
 - Level 2.1 Dodging
 - Level 2.0 Spellcasting
 - Level 2.4 Translocations


You had 4 spell levels left.
You didn't know any spells.
Your spell library contained the following spells:

 Spells                   Type           Power      Damage    Failure   Level
 Blink                    Tloc           14%        N/A       19%         2
 Gell's Gravitas          Tloc           7%         N/A       36%         3
 Lesser Beckoning         Tloc           7%         N/A       36%         3
 Teleport Other           Tloc           7%         N/A       36%         3
 Manifold Assault         Tloc           7%         N/A       98%         5

Inventory:

Hand Weapons
 a - a +0 hand axe (weapon)
Missiles
 d - 5 boomerangs of dispersal (quivered)
Armour
 b - a +0 leather armour (worn)
Scrolls
 c - a scroll of blinking

Dungeon Overview and Level Annotations

Branches:
Dungeon (1/15)

Altars:


Message History

The dart slug closely misses you.
You closely miss the jackal. Your kick misses the jackal.
Your peck misses the jackal.
The jackal is severely wounded.
You barely miss the jackal. You hit the dart slug but do no damage.
The jackal bites you but does no damage.
The jackal barely misses you. x2; The jackal bites you.
The jackal barely misses you. The dart slug launches a dart at you.
The slug dart misses you.
The slug dart hits the jackal.
You hit the jackal.
You kill the jackal!
You hit the jackal.
You kill the jackal!
You hit the jackal. You hit the dart slug.
You kill the dart slug!
The jackal barely misses you.
The kobold throws a stone.
The stone hits you but does no damage.
The jackal bites you but does no damage.
You barely miss the jackal.
The jackal is heavily wounded.
The jackal misses you. The ball python closely misses you. x2
You closely miss the jackal. Your peck misses the jackal.
The jackal is heavily wounded.
You hit the kobold. You completely miss the jackal. You hit the ball python.
The jackal closely misses you. The jackal barely misses you.
The kobold closely misses you.
The ball python bites you but does no damage.
The ball python grabs you. The ball python constricts you.
The jackal closely misses you.
You closely miss the ball python.
You peck the ball python, but do no damage.
The ball python is severely wounded.
You hit the jackal.
You kill the jackal!
You barely miss the kobold. You hit the jackal but do no damage.
The ball python barely misses you. The ball python constricts you.
The kobold hits you with a +0 short sword.
The jackal bites you.
You die...

(..... ....>... ..#
...... ... ....w ..#
#... ...# ###### #...
h..# ###....# ##
##..##..# #....###
#K.#....hh# #..###
#h.#S@.######..#
.!..#.lK###......#
.h...#.#.#.#.#...#
##....#.#.#.#..###
.....#.#.#.#.###
....##.#.#.#.#.###
....###.~~~~~.#..#
.#.....#~...~#...#####
#.#.~..<~.#......#


You could see 3 jackals, a ball python, a kobold and a frilled lizard.

Vanquished Creatures
  A dart slug (D:1)
  4 jackals (D:1)
5 creatures vanquished.

Notes
Turn   | Place    | Note
-------+----------+-------------------------------------------
     0 | D:1      | qw the Tengu Warper began the quest for the Orb.
     0 | D:1      | Reached XP level 1. HP: 12/12 MP: 4/4
     0 | D:1      | 0 ||| qw: Version: 0.1-a-89-g26bdef1
     0 | D:1      | 0 ||| qw: Game counter: 2629
     0 | D:1      | 0 ||| qw: Always use a shield: true
     0 | D:1      | 0 ||| qw: God list: Okawaru
     0 | D:1      | 0 ||| qw: Allow faded altars: false
     0 | D:1      | 0 ||| qw: Do Orc after D:15 true
     0 | D:1      | 0 ||| qw: Do second Lair branch before Depths: true
     0 | D:1      | 0 ||| qw: Lair rune preference: random
     0 | D:1      | 0 ||| qw: Plans: Normal
     0 | D:1      | 0 ||| PLANNING D:1-11
    52 | D:1      | 52 ||| Stepping ~*~*~tactically~*~*~ (stealth).
    53 | D:1      | 53 ||| Stepping ~*~*~tactically~*~*~ (hiding).
    54 | D:1      | 54 ||| Stepping ~*~*~tactically~*~*~ (stealth).
    65 | D:1      | HP: 2/12 [kobold/+0 short sword (2)]
    65 | D:1      | Slain by a jackal

Levels and vault maps discovered:
D:1:      ncdulo_watergridlock, layout_rooms

Action                   || total
-------------------------++-------
Melee: Hand axe          ||    10
       Peck              ||     2
       Kick              ||     1
Throw: Boomerang         ||     2
Armor: Leather armour    ||     8
Dodge: Dodged            ||    20

Table legend:
 A = Non-vault XP
 B = Vault XP
 C = Vault XP percentage of total XP
 D = Non-vault monster count
 E = Vault monster count
 F = Vault count percentage of total count
                 A         B        C        D         E       F
            +---------+---------+-------+---------+---------+-------
      Total |      10 |       0 |   0.0 |       4 |       0 |   0.0
            +---------+---------+-------+---------+---------+-------
        D:1 |      10 |       0 |   0.0 |       4 |       0 |   0.0
            +---------+---------+-------+---------+---------+-------
